 Dungeon Crawl Stone Soup version 0.24-a0-769-g368c1644f8 (webtiles) character file.

Game seed: 2416758438401871723, levelgen mode: deterministic

26348 HumanIsDead the Severer (level 13, -9/103 HPs)
             Began as a Human Fighter on Oct 5, 2019.
             Was a High Priest of Okawaru.
             Mangled by a harpy (14 damage)
             ... summoned by Kirke
             ... on level 4 of the Lair of Beasts on Oct 6, 2019.
             The game lasted 00:57:55 (21329 turns).

HumanIsDead the Severer (Human Fighter)            Turns: 21329, Time: 00:57:56

Health: -9/103     AC:  0    Str: 21    XL:     13   Next: 57%
Magic:  17/17      EV: 13    Int:  9    God:    Okawaru [*****.]
Gold:   801        SH:  0    Dex: 13    Spells: 12/12 levels left

rFire    . . .     SeeInvis .   (weapon currently unavailable)
rCold    . . .     Gourm    .   (shield currently unavailable)
rNeg     . . .     Faith    .   (armour currently unavailable)
rPois    .         Spirit   .   (helmet currently unavailable)
rElec    .         Reflect  .   (cloak currently unavailable)
rCorr    .         Harm     .   (gloves currently unavailable)
MR       .....                  (boots currently unavailable)
Stlth    +.........             (no amulet)
HPRegen  0.27/turn              (ring currently unavailable)
MPRegen  0.15/turn              (ring currently unavailable)

@: pig-form, slowed, invisible
A: small
a: Heroism, Finesse, Renounce Religion


You were on level 4 of the Lair of Beasts.
You worshipped Okawaru.
Okawaru was extremely pleased with you.
You were not hungry.
You were a filthy swine.
You visited 3 branches of the dungeon, and saw 16 of its levels.

You collected 801 gold pieces.

Inventory:

Hand Weapons
 a - a +1 war axe (melded)
 x - a +1 hand axe of electrocution
 Q - a +0 hand axe of flaming
 R - a +2 battleaxe of chopping
Missiles
 h - 361 stones
 F - 34 poisoned darts (quivered)
 S - 2 throwing nets
Armour
 b - a +0 scale mail
 l - a +0 cloak
 p - a +0 pair of gloves (melded)
 s - a +0 plate armour of fire resistance (melded)
 C - a +0 large shield (melded)
 L - a scarf of spirit shield (melded)
 P - a +0 shield of positive energy
 Y - a +0 helmet of see invisible (melded)
Jewellery
 c - an uncursed amulet of the acrobat {unknown}
 u - an uncursed ring of wizardry
 A - a +3 ring of protection (melded)
 G - an uncursed ring of ice
 H - a +2 ring of slaying (melded)
 U - an uncursed amulet of faith {unknown}
Wands
 M - a wand of polymorph (9)
 N - a wand of random effects (72)
 V - a wand of clouds (8)
 W - a wand of disintegration (9)
Scrolls
 e - 2 scrolls of noise {unknown}
 j - 2 scrolls of immolation
 k - 2 scrolls of blinking {unknown}
 m - 5 scrolls of teleportation
 n - 2 scrolls of fog
 o - 5 scrolls of amnesia
 w - 2 scrolls of magic mapping
 y - 3 scrolls of identify
 z - a scroll of enchant weapon
 D - 4 scrolls of remove curse
 K - 4 scrolls of enchant armour
 T - 3 scrolls of random uselessness {unknown}
Potions
 d - 4 potions of might
 g - 3 potions of lignification
 i - 3 potions of flight
 q - 5 potions of curing
 r - 2 potions of magic
 v - 2 potions of ambrosia {unknown}
 B - 3 potions of heal wounds {unknown}
 E - 2 potions of haste
 I - 14 potions of degeneration
 J - 2 potions of brilliance {unknown}
 X - a potion of agility
Comestibles
 f - 30 rations


   Skills:
 - Level 10.0 Fighting
 - Level 16.0 Axes
 - Level 10.0 Armour
 - Level 3.0 Shields
 + Level 6.0 Invocations


You had 12 spell levels left.
You didn't know any spells.
Your spell library contained the following spells:

 Spells                   Type           Power        Failure   Level  Hunger
 Confusing Touch          Hex            #.....       38%         1    ##.....
 Freeze                   Ice            #...         38%         1    ##.....
 Infusion                 Chrm           #...         38%         1    ##.....
 Shroud of Golubria       Chrm/Tloc      #.....       52%         2    ###....
 Song of Slaying          Chrm           #.......     52%         2    ###....
 Throw Frost              Conj/Ice       #.....       52%         2    ###....
 Confuse                  Hex            #.......     77%         3    ####...
 Gell's Gravitas          Tloc           #.........   77%         3    ####...
 Ozocubu's Armour         Chrm/Ice       #.......     77%         3    ####...
 Regeneration             Chrm/Necr      #.........   77%         3    ####...
 Spectral Weapon          Hex/Chrm       #.......     77%         3    ####...
 Petrify                  Tmut/Erth      #.......     99%         4    #####..
 Summon Ice Beast         Ice/Summ       #.......     99%         4    #####..
 Throw Icicle             Conj/Ice       #.......     99%         4    #####..
 Metabolic Englaciation   Hex/Ice        #.........   100%        5    ######.
 Yara's Violent Unravell  Hex/Tmut       #.........   100%        5    ######.


Dungeon Overview and Level Annotations

Branches:
Dungeon (11/15)            Temple (1/1) D:7            Lair (4/6) D:8
  Swamp (0/4) Lair:3        Snake (0/4) Lair:4          Orc (0/2) D:9

Altars:
Ashenzari
Cheibriados
Dithmenos
Elyvilon
Fedhas
Gozag
Hepliaklqana
Kikubaaqudgha
Makhleb
Nemelex Xobeh
Okawaru
Qazlal
Ru
Sif Muna
Trog
Uskayaw
Vehumet
Wu Jian
Xom
Yredelemnul
Zin
The Shining One

Shops:
D:10 }

Annotations:
D:10 3 runed translucent doors, Toftenius's ghost, journeyman DrFE
Lair:4 Kirke


Message History

* * * LOW HITPOINT WARNING * * *
The harpy claws you!
* * * LOW HITPOINT WARNING * * *
The harpy barely misses you. The harpy claws you!
* * * LOW HITPOINT WARNING * * *
Okay, then.
Okay, then.
Press: ? - help, v - describe, . - travel
Here: a harpy (lightly wounded, summoned)
The floor.
You feel better.
The harpy screeches!
The harpy barely misses you. The harpy closely misses you.
You fade into invisibility!
The harpy claws you.
* * * LOW HITPOINT WARNING * * *
The harpy claws you!
* * * LOW HITPOINT WARNING * * *
The harpy closely misses you. The harpy claws you!
You die...

### ### #### #####.## #######
#######..###..###.##.#.####P#..P.
................hH...............
...............#P#...P...........
..............######.###...###.##
....#.P..#....#####P.# #...###..#
...#..........##P....# #...##....
...#.....#....###...H###...##....
...#....##....#.##.#..##...###...
.^.##....P.....# #..)##....# #...
...####..P....## #'.'###...#####.


You could see a harpy.

Vanquished Creatures
  2 hydras
  2 two-headed ogres
  An unseen horror (D:11)
  An orc knight (D:11)
  A wolf spider (Lair:2)
  4 deep elf magi (D:11)
  A centaur zombie (D:10)
  A cyclops (D:11)
  A manticore (D:11)
  A black mamba (Lair:2)
  4 spiny frogs
  A torpor snail (Lair:2)
  Psyche (D:8)
  A gargoyle (D:10)
  A centaur skeleton (D:11)
  A rime drake (Lair:2)
  5 komodo dragons
  4 blink frogs (Lair:3)
  Prince Ribbit (D:6)
  2 hornets (D:11)
  7 hippogriffs
  A vampire (D:6)
  3 hogs (Lair:4)
  2 basilisks
  23 yaks
  6 nagas (Lair:4)
  5 water moccasins
  3 porcupines
  2 ice beasts
  10 orc warriors
  9 ogres
  4 sky beasts
  A swamp drake (D:9)
  2 phantoms
  A necrophage (D:10)
  6 centaurs
  9 wolves (Lair:4)
  2 crocodiles
  A big kobold (D:9)
  Blork the orc (D:6)
  6 bullfrogs
  A wyvern zombie (D:7)
  A gnoll sergeant (D:5)
  A wyvern skeleton (D:10)
  2 scorpions
  9 killer bees
  4 wights (D:9)
  A howler monkey (D:6)
  A bullfrog zombie (D:11)
  7 crimson imps
  3 bullfrog skeletons
  4 jellies
  15 orc priests
  5 hounds
  16 orc wizards
  An iguana (D:6)
  4 worker ants
  2 hound skeletons
  21 adders
  9 gnolls
  3 shadow imps
  An ooze (D:3)
  An adder skeleton (D:7)
  4 worms
  A dart slug (D:2)
  3 leopard geckos
  52 orcs
  6 giant cockroaches
  7 hobgoblins
  17 jackals
  10 kobolds
  5 quokkas
  8 bats
  6 frilled lizards
  A giant cockroach zombie (D:6)
  A leopard gecko zombie (D:5)
  5 rats
  A plant (Lair:1)
379 creatures vanquished.

Vanquished Creatures (collateral kills)
  An orc (D:10)
1 creature vanquished.

Vanquished Creatures (others)
  8 fungi
  11 plants (Lair:2)
  4 toadstools (D:1)
23 creatures vanquished.

Grand Total: 403 creatures vanquished

Notes
Turn   | Place    | Note
-------+----------+-------------------------------------------
     0 | D:1      | HumanIsDead the Human Fighter began the quest for the Orb.
     0 | D:1      | Reached XP level 1. HP: 18/18 MP: 1/1
   200 | D:1      | Found a shattered altar of Ashenzari.
   226 | D:1      | Reached XP level 2. HP: 17/24 MP: 2/2
   558 | D:1      | Reached skill level 3 in Axes
   833 | D:2      | Reached XP level 3. HP: 27/29 MP: 3/3
   854 | D:1      | Reached skill level 4 in Axes
   854 | D:1      | Reached XP level 4. HP: 11/35 MP: 4/4
  1367 | D:2      | Found an iron altar of Okawaru.
  1459 | D:2      | Became a worshipper of Warmaster Okawaru
  1602 | D:2      | Reached XP level 5. HP: 41/41 MP: 5/5
  1680 | D:2      | Reached skill level 5 in Axes
  3158 | D:3      | Reached XP level 6. HP: 33/47 MP: 6/6
  3365 | D:4      | Reached skill level 6 in Axes
  3517 | D:4      | Noticed a sky beast
  3534 | D:4      | Killed a sky beast
  3534 | D:4      | Reached * piety under Okawaru
  3708 | D:4      | Reached skill level 7 in Axes
  3708 | D:4      | Reached XP level 7. HP: 12/52 MP: 7/7
  4648 | D:5      | Entered Level 5 of the Dungeon
  4703 | D:5      | Reached skill level 8 in Axes
  5904 | D:6      | Reached ** piety under Okawaru
  5904 | D:6      | Reached XP level 8. HP: 49/58 MP: 8/8
  5910 | D:6      | Noticed Blork the orc
  5921 | D:6      | Killed Blork the orc
  5938 | D:6      | Reached skill level 9 in Axes
  6131 | D:6      | Found a glowing drain.
  6131 | D:6      | Noticed Prince Ribbit
  6402 | D:6      | Killed Prince Ribbit
  6678 | D:6      | Noticed a vampire
  6699 | D:6      | Killed a vampire
  6699 | D:6      | Reached *** piety under Okawaru
  6699 | D:6      | Reached skill level 10 in Axes
  6951 | D:6      | Reached XP level 9. HP: 63/63 MP: 9/9
  6969 | D:6      | Got an encrusted dagger
  7117 | D:6      | Reached skill level 11 in Axes
  7663 | D:6      | Reached **** piety under Okawaru
  8072 | D:7      | Identified the +10 dagger of Nadux {flame, Stlth+} (You
                  | found it on level 6 of the Dungeon)
  8135 | D:7      | Found a staircase to the Ecumenical Temple.
  8151 | Temple   | Entered the Ecumenical Temple
  8452 | D:7      | Reached skill level 12 in Axes
  9082 | D:8      | Noticed Psyche
  9169 | D:8      | Found a staircase to the Lair.
  9219 | D:8      | Noticed a two-headed ogre
  9236 | D:8      | Killed Psyche
  9236 | D:8      | Reached ***** piety under Okawaru
  9236 | D:8      | Reached skill level 13 in Axes
  9236 | D:8      | Reached XP level 10. HP: 49/70 MP: 10/10
  9242 | D:8      | Killed a two-headed ogre
 10467 | D:9      | Reached skill level 14 in Axes
 10741 | D:9      | Received a gift from Okawaru
 10791 | D:9      | Found a hazy altar of Hepliaklqana.
 11526 | D:9      | Found a staircase to the Orcish Mines.
 11971 | D:10     | Entered Level 10 of the Dungeon
 12301 | D:10     | Reached XP level 11. HP: 71/75 MP: 9/11
 12373 | D:10     | Reached skill level 15 in Axes
 12720 | D:10     | Found Gimukil's Gadget Shop.
 12931 | D:10     | Found a runed translucent gate.
 12932 | D:10     | Found a runed translucent gate.
 12933 | D:10     | Found a runed translucent gate.
 12934 | D:10     | Noticed Toftenius's ghost (journeyman DrFE)
 12946 | D:10     | Found a snail-covered altar of Cheibriados.
 13555 | D:10     | Reached skill level 16 in Axes
 14698 | D:11     | Noticed a manticore
 14716 | D:11     | Killed a manticore
 14972 | D:11     | Noticed an orc knight
 14982 | D:11     | Killed an orc knight
 14983 | D:11     | Noticed a cyclops
 15247 | D:11     | Killed a cyclops
 15247 | D:11     | Reached skill level 5 in Fighting
 15247 | D:11     | Reached skill level 5 in Armour
 15574 | D:11     | Reached XP level 12. HP: 80/86 MP: 10/12
 15729 | D:11     | Killed an unseen horror
 15753 | D:11     | Reached ****** piety under Okawaru
 15770 | D:11     | Paralysed by a hornet for 3 turns
 16112 | D:11     | Received a gift from Okawaru
 16115 | D:11     | Noticed a vampire mage
 16195 | D:11     | Noticed a two-headed ogre
 16209 | D:11     | Killed a two-headed ogre
 16311 | Lair:1   | Entered Level 1 of the Lair of Beasts
 16863 | Lair:1   | Noticed an eight-headed hydra
 17128 | Lair:1   | Killed a one-headed hydra
 17233 | Lair:1   | Received a gift from Okawaru
 17628 | Lair:2   | Reached XP level 13. HP: 91/101 MP: 13/13
 18098 | Lair:2   | Noticed a four-headed hydra
 18106 | Lair:2   | Killed a one-headed hydra
 19375 | Lair:3   | Reached skill level 10 in Fighting
 19377 | Lair:3   | Reached skill level 10 in Armour
 19624 | Lair:3   | Found a staircase to the Swamp.
 19657 | Lair:3   | Reached skill level 1 in Invocations
 20580 | Lair:4   | Reached skill level 5 in Invocations
 21233 | Lair:4   | Found a staircase to the Snake Pit.
 21288 | Lair:4   | Noticed Kirke
 21329 | Lair:4   | HP: 5/103 [harpy[Kirke] (8)]
 21329 | Lair:4   | Mangled by a harpy

Levels and vault maps discovered:
D:1:      ldierk_water_garden, layout_loops_ring, evilmike_ruin_ashenzari
D:2:      layout_loops_ring, okawaru_trees_2
D:3:      layout_loops_corners
D:4:      layout_loops_corners, first_ration, dk_vineyard_1
D:5:      layout_basic
D:6:      layout_gridville, gup_sewer_entry_glass, uniq_prince_ribbit1,
          uniq_blork_the_orc
D:7:      layout_basic, temple_hall
D:8:      layout_rooms, uniq_psyche
D:9:      layout_stronghold, kennysheep_mini_moat, erik_orc_1
D:10:     layout_cave_pods, basic_altar, serial_shops, shop,
          ebering_ghost_rock_garden
D:11:     evilmike_library_of_no_secrets, layout_loops_ring,
          hangedman_pestilent_swarm
Temple:   grunt_wide_crystal_templ
Lair:1:   layout_regular_city
Lair:2:   minmay_lair_venomous_thicket, layout_chaotic_city, minivault_27
Lair:3:   layout_cave_pods, swamp_mist_pool
Lair:4:   layout_regular_city, minmay_snake_entry_guardpost_large,
          chequers_serial_rivers_micro_a, uniq_kirke

Skill      XL: |  1  2  3  4  5  6  7  8  9 10 11 12 13 |
---------------+----------------------------------------+-----
Axes           | 3 4 5 7 8 10 13 14 16 | 16.0
Fighting       | 5 9 10 | 10.0
Armour         | 5 9 10 | 10.0
Invocations    | 6 |  6.0
Shields        | |  3.0

Action                   |  1- 3 |  4- 6 |  7- 9 | 10-12 | 13-15 || total
-------------------------+-------+-------+-------+-------+-------++-------
Melee: War axe           |    76 |   131 |   333 |   482 |   214 ||  1236
       Battleaxe         |       |       |       |   196 |       ||   196
       Hand axe          |       |       |       |    12 |    58 ||    70
Throw: Dart              |       |       |       |    13 |       ||    13
Invok: Heroism           |       |       |       |    11 |     4 ||    15
Evoke: Wand              |       |       |       |     6 |       ||     6
  Use: Scroll            |       |       |    13 |     6 |     1 ||    20
       Potion            |       |       |     2 |     3 |     4 ||     9
 Stab: Invisible         |       |       |     1 |     5 |       ||     6
  Eat: Chunk             |       |     5 |    13 |    25 |    12 ||    55
       Ration            |       |     1 |     1 |     1 |       ||     3
Armor: Scale mail        |    47 |    55 |    12 |       |       ||   114
       Plate armour      |       |       |   150 |   384 |   141 ||   675
Dodge: Dodged            |    28 |    41 |    42 |   102 |    39 ||   252
Block: Shield            |    39 |    54 |   163 |   177 |       ||   433
       Large shield      |       |       |       |    26 |   186 ||   212

Table legend:
 A = Non-vault XP
 B = Vault XP
 C = Vault XP percentage of total XP
 D = Non-vault monster count
 E = Vault monster count
 F = Vault count percentage of total count
                 A         B        C        D         E       F
            +---------+---------+-------+---------+---------+-------
      Total |   30764 |    6877 |  18.3 |     332 |      47 |  12.4
            +---------+---------+-------+---------+---------+-------
        D:1 |      40 |       0 |   0.0 |      18 |       0 |   0.0
        D:2 |     132 |       0 |   0.0 |      19 |       0 |   0.0
        D:3 |     112 |       0 |   0.0 |      16 |       0 |   0.0
        D:4 |     324 |       0 |   0.0 |      11 |       0 |   0.0
        D:5 |     358 |       0 |   0.0 |      11 |       0 |   0.0
        D:6 |    1341 |     397 |  22.8 |      29 |       4 |  12.1
        D:7 |     745 |       0 |   0.0 |      20 |       0 |   0.0
        D:8 |    1484 |     418 |  22.0 |      20 |       1 |   4.8
        D:9 |    1753 |     572 |  24.6 |      37 |      17 |  31.5
       D:10 |    4374 |       0 |   0.0 |      45 |       0 |   0.0
       D:11 |    7391 |    2871 |  28.0 |      54 |       6 |  10.0
     Lair:1 |    4335 |       0 |   0.0 |      16 |       0 |   0.0
     Lair:2 |    3564 |    1100 |  23.6 |      11 |      10 |  47.6
     Lair:3 |    3018 |       0 |   0.0 |      14 |       0 |   0.0
     Lair:4 |    1793 |    1519 |  45.9 |      11 |       9 |  45.0
            +---------+---------+-------+---------+---------+-------
